 Dungeon Crawl Stone Soup version 0.30-a0-986-g7f2e898f52 (webtiles) character file.

Game seed: 15826074715671294470

177 jimonade the Chopper (level 5, -9/46 HPs)
             Began as a Hill Orc Fighter on Apr 1, 2023.
             Mangled by Pikel
             ... wielding a +0 whip of electrocution
              (11 damage)
             ... on level 4 of the Dungeon.
             The game lasted 00:07:48 (3169 turns).

jimonade the Chopper (Hill Orc Fighter)             Turns: 3169, Time: 00:07:48

Health: -9/46      AC: 12    Str: 19    XL:     5   Next: 57%
Magic:  7/7        EV:  9    Int: 10    God:
Gold:   209        SH:  4    Dex: 10    Spells: 4/4 levels left

rFire   . . .      SeeInvis .    a - +0 war axe
rCold   . . .      Faith    +    c - +0 buckler
rNeg    . . .      Spirit   .    i - +0 scale mail
rPois   .          Reflect  .    C - +2 helmet
rElec   .          Rampage  .    (no cloak)
rCorr   +                        u - +1 pair of gloves {hurl}
Will    .....                    (no boots) Stlth
                                 k - amulet of faith
HPRegen 0.27/turn                p - ring of resist corrosion
MPRegen 0.10/turn                (no ring)

@: mighty
A: no striking features
a: no special abilities


You were on level 4 of the Dungeon.
You visited 1 branch of the dungeon, and saw 4 of its levels.

You collected 209 gold pieces.

Inventory:

Hand Weapons
 a - a +0 war axe (weapon)
 b - a +1 heavy sling
 f - a +0 spear
 A - a +0 war axe
 B - a +0 mace
Missiles
 v - 6 stones (quivered)
Armour
 c - a +0 buckler (worn)
 i - a +0 scale mail (worn)
 r - a scarf of shadows
 u - a +1 pair of gloves of hurling (worn)
 C - a +2 helmet (worn)
Magical Staves
 m - the staff of air "Lietwawexi" {rElec Str+3 Dex+4}
   (You found it on level 2 of the Dungeon)

   [staff of air]

   Base accuracy: +5 Base damage: 5 Base attack delay: 1.2 This weapon's minimum
   attack delay (0.6) is reached at skill level 12.
   Str:       It affects your strength (+3).
   Dex:       It affects your dexterity (+4).
   rElec:     It insulates you from electricity.
   It falls into the 'Staves' category.
   It is a one-handed weapon.
Jewellery
 k - an amulet of faith (around neck)
 p - a ring of resist corrosion (left hand)
Scrolls
 e - 6 scrolls of teleportation
 j - a scroll of amnesia {unknown}
 l - a scroll of magic mapping {unknown}
 o - 2 scrolls of blinking
 q - a scroll of butterflies {unknown}
 x - a scroll of fog {unknown}
 y - a scroll of enchant armour
Potions
 d - a potion of might
 g - a potion of brilliance
 h - a potion of curing
 n - 3 potions of berserk rage
 s - a potion of magic
 t - a potion of mutation
 z - a potion of haste


   Skills:
 + Level 4.2 Fighting
 + Level 4.8 Axes
 + Level 4.2 Armour
 + Level 0.6 Dodging
 + Level 3.6 Shields
 * Level 2.8 Invocations


You had 4 spell levels left.
You didn't know any spells.
Your spell library contained the following spells:

 Spells                   Type           Power      Damage    Failure   Level
 Kiss of Death            Conj/Necr      0%         2d5       82%         1
 Sting                    Tmut/Pois      0%         1d3       82%         1
 Poisonous Vapours        Pois/Air       0%         N/A       91%         2
 Confusing Touch          Hex            0%         N/A       99%         3
 Dazzling Flash           Conj/Hex       0%         N/A       99%         3
 Ozocubu's Armour         Ice            0%         N/A       99%         3
 Dispel Undead            Necr           0%         3d6       100%        4
 Iskenderun's Mystic Bla  Conj/Tloc      0%         2d3       100%        4
 Olgreb's Toxic Radiance  Pois           0%         N/A       100%        4
 Metabolic Englaciation   Hex/Ice        0%         N/A       100%        5
 Simulacrum               Ice/Necr       0%         N/A       100%        6
 Starburst                Conj/Fire      0%         6d3       100%        6


Dungeon Overview and Level Annotations

Branches:
Dungeon (4/15)
 Temple: D:4-7

Altars:
Ru

Shops:
D:1 [

Annotations:
D:4 2 transporters, Hubris850's ghost, novice MfGl; Pikel


Message History

You kill the hobgoblin!
No target in view!
Found 2 javelins.
Found 7 gold pieces.
The ogre shouts!
The ogre shouts!
Found a transporter.
An endoplasm comes into view.
The endoplasm quivers.
You block the endoplasm's attack.
You slash the endoplasm!
You kill the endoplasm!
No target in view!
Found a spear.
Pikel, Merchant of Souls comes into view.
He is wielding a +0 whip of electrocution.
Pikel attacks as you move away!
Pikel hits you with a +0 whip of electrocution.
Pikel attacks as you move away!
Pikel hits you with a +0 whip of electrocution.
You are electrocuted!!
Unknown command.
You aren't carrying any items that you can evoke.
Unknown command.
Unknown command.
You feel very mighty all of a sudden. Pikel barely misses you.
You hit Pikel.
Pikel is lightly wounded.
Pikel hits you with a +0 whip of electrocution.
You are electrocuted!!
* * * LOW HITPOINT WARNING * * *
You slash Pikel!
Pikel is moderately wounded.
Pikel hits you but does no damage.
You barely miss Pikel.
Pikel is moderately wounded.
Pikel hits you with a +0 whip of electrocution.
* * * LOW HITPOINT WARNING * * *
You are electrocuted!
You die...

........... ...## ..........
#....# .......... #.. #####
........ ### . #...# #.....
#.. ).#...# ##..# #.#
#.#...###..5# #..
#.#...##..#K# #..
##.#......##@# ####.....
##.........##.# .##.....###
#..#.......##.#### ..... ###
#......5.........#####..####..
#####...##.#..................
#...##..##.######........#
#.#####..#.####.......#### #.#
##.#........##...... #.#
#....##.###.###.....


You could see Pikel and a lemure.

Vanquished Creatures
  3 lemures
  A scorpion (D:4)
  Robin (D:4)
  2 adders (D:2)
  2 worms (D:2)
  2 dart slugs
  7 orcs
  8 bats
  2 endoplasms
  4 giant cockroaches
  12 goblins
  11 hobgoblins
  3 quokkas
  4 ball pythons
  4 frilled lizards
  4 kobolds
  5 rats
75 creatures vanquished.

Notes
Turn   | Place    | Note
-------+----------+-------------------------------------------
     0 | D:1      | jimonade the Hill Orc Fighter began the quest for the Orb.
     0 | D:1      | Reached XP level 1. HP: 19/19 MP: 1/1
   183 | D:1      | Reached XP level 2. HP: 27/27 MP: 2/2
   198 | D:1      | Found Duqo's Armour Emporium.
   212 | D:1      | Reached skill level 1 in Invocations
   564 | D:2      | Identified the staff of air "Lietwawexi" {rElec Str+3
                  | Dex+4}
   637 | D:2      | Reached XP level 3. HP: 33/33 MP: 3/3
  1032 | D:2      | Reached XP level 4. HP: 40/40 MP: 5/5
  2218 | D:4      | Found a sacrificial altar of Ru.
  2311 | D:4      | Noticed Robin
  2369 | D:4      | Killed Robin
  2413 | D:4      | Noticed a lemure
  2413 | D:4      | Noticed a lemure
  2442 | D:3      | Killed a lemure
  2491 | D:3      | Killed a lemure
  2745 | D:4      | Reached XP level 5. HP: 46/46 MP: 6/6
  2823 | D:4      | Noticed a lemure
  2823 | D:4      | Noticed a lemure
  2867 | D:4      | Killed a lemure
  3107 | D:4      | Found a transporter.
  3126 | D:4      | Noticed Hubris850's ghost (novice MfGl)
  3127 | D:4      | Noticed an ogre
  3130 | D:4      | Identified the +8 dire flail of Gyducos {antimagic, +Blink}
  3130 | D:4      | Noticed an ogre
  3131 | D:4      | Found a transporter.
  3157 | D:4      | Noticed Pikel
  3169 | D:4      | HP: 2/46 [Pikel/+0 whip of electrocution (2)]
  3169 | D:4      | Mangled by Pikel

Illustrated notes

Levels and vault maps discovered:
D:1:      nagdon_arrival_double_spiral, layout_rooms, serial_shops, shop_statue
D:2:      layout_loops_cross, minmay_split_cup_large
D:3:      layout_loops_ring
D:4:      layout_rooms, nicolae_ru_the_path_less_chosen, gammafunk_ghost_smash,
          uniq_pikel, uniq_robin, uniq_sigmund

Skill      XL: |  1  2  3  4 |
---------------+-------------+-----
Invocations    | 1 2 |  2.8
Axes           | 3 4 |  4.8
Fighting       | 4 |  4.2
Armour         | 4 |  4.2
Dodging        | |  0.6
Shields        | |  3.6

Action                     |  1- 3 |  4- 6 || total
---------------------------+-------+-------++-------
  Melee: War axe           |    97 |   136 ||   233
   Fire: Sling             |     3 |       ||     3
  Throw: Stone             |       |    17 ||    17
    Use: Scroll            |       |     8 ||     8
         Potion            |       |     1 ||     1
 Armour: Scale mail        |    52 |    49 ||   101
  Dodge: Dodged            |    45 |    56 ||   101
  Block: Buckler           |    26 |    31 ||    57

Table legend: (Time is in decaauts)
 A = Elapsed time spent in this place.
 B = Non-inter-level travel time spent in this place.
 C = Inter-level travel time spent in this place.
 D = Time resting spent in this place.
 E = Time spent auto-exploring this place.
 F = Levels seen in this place.
 G = Mean time per level.
                   A        B        C        D        E       F      G
               +--------+--------+--------+--------+--------+-----+--------+
         Total |   3262 |   3103 |    159 |    389 |   1633 |   4 |  815.5 |
       Dungeon |   3262 |   3103 |    159 |    389 |   1633 |   4 |  815.5 |
               +--------+--------+--------+--------+--------+-----+--------+

Top non-repeatable levels by time:
     D:3: 1072 daAuts
     D:2: 774 daAuts
     D:4: 722 daAuts
     D:1: 693 daAuts
